 Dungeon Crawl Stone Soup version 0.28-a0-793-g31680bbd8b (webtiles) character file.

Game seed: 10908524262782480932

90 GenialerGandalf the Skirmisher (level 4, -1/41 HPs)
             Began as a Hill Orc Fighter on Nov 4, 2021.
             Killed from afar by a white imp (13 damage)
             ... with a puff of frost
             ... summoned by Natasha
             ... on level 2 of the Dungeon.
             The game lasted 00:07:15 (1731 turns).

GenialerGandalf the Skirmisher (Hill Orc Fighter)   Turns: 1731, Time: 00:07:16

Health: -1/41      AC: 10    Str: 19    XL:     4   Next: 56%
Magic:  4/4        EV:  7    Int:  8    God:
Gold:   52         SH:  4    Dex: 10    Spells: 3/3 levels left

rFire   + . .      SeeInvis .   a - +0 rapier
rCold   x . .      Faith    .   c - +0 buckler
rNeg    . . .      Spirit   .   m - +0 chain mail
rPois   .          Reflect  .   (no helmet)
rElec   .          Harm     .   l - +0 cloak
rCorr   .          Rampage  .   (no gloves)
Will    .....                   (no boots)
Stlth   ..........              (no amulet)
HPRegen 0.13/turn               e - ring of fire
MPRegen 0.09/turn               (no ring)

@: no status effects
A: no striking features
a: no special abilities


You were on level 2 of the Dungeon.
You visited 1 branch of the dungeon, and saw 2 of its levels.

You collected 52 gold pieces.

Inventory:

Hand Weapons
 a - a +0 rapier (weapon)
Armour
 b - a +0 scale mail
 c - a +0 buckler (worn)
 l - a +0 cloak (worn)
 m - a +0 chain mail (worn)
Jewellery
 e - a ring of fire (left hand)
Scrolls
 f - 2 scrolls of identify {unknown}
 g - 2 scrolls of teleportation {unknown}
 h - a scroll of blinking {unknown}
 i - 2 scrolls of enchant weapon {unknown}
 j - a scroll of amnesia {unknown}
Potions
 d - a potion of might
 k - a potion of attraction {unknown}


   Skills:
 + Level 4.7 Fighting
 + Level 2.4 Short Blades
 + Level 4.2 Armour
 + Level 3.7 Shields


You had 3 spell levels left.
You didn't know any spells.
Your spell library contained the following spells:

 Spells                   Type           Power      Damage    Failure   Level
 Dazzling Flash           Conj/Hex       0%         N/A       100%        3
 Gell's Gravitas          Tloc           0%         N/A       100%        3
 Teleport Other           Tloc           0%         N/A       100%        3
 Agony                    Necr           0%         N/A       100%        5
 Silence                  Hex/Air        0%         N/A       100%        5
 Dispersal                Tloc           0%         N/A       100%        6


Dungeon Overview and Level Annotations

Branches:
Dungeon (2/15)

Altars:

Annotations:
D:2 Natasha


Message History

You closely miss Natasha. Natasha claws you.
You miss Natasha. Natasha claws you but does no damage.
You closely miss Natasha.
Natasha casts a spell.
You barely miss Natasha. Natasha claws you but does no damage.
The crimson imp hits you but does no damage.
You closely miss Natasha. Natasha claws you but does no damage.
The crimson imp hits you.
You hit Natasha but do no damage. Natasha claws you but does no damage.
The crimson imp blinks!
You closely miss Natasha.
Natasha zaps a wand.
You resist with some effort. The crimson imp barely misses you.
You hit Natasha.
Natasha is lightly wounded.
Natasha claws you!
The crimson imp blinks!
You block Natasha's attack.
You barely miss Natasha.
Natasha is lightly wounded.
Natasha claws you.
You hit Natasha.
Natasha is moderately wounded.
The crimson imp shouts, "Give up, thou skyhacking fen-sucked deadneck!"
Natasha mumbles some strange words.
You completely miss Natasha.
Natasha is moderately wounded.
Natasha barely misses you.
You miss Natasha.
Natasha is moderately wounded.
You block Natasha's attack.
You hit Natasha but do no damage.
Natasha is moderately wounded.
The crimson imp hits you but does no damage.
Natasha mumbles some strange words.
The white imp hits you. The white imp freezes you.
You feel a terrible chill!
* * * LOW HITPOINT WARNING * * *
You closely miss Natasha.
Natasha is moderately wounded.
You block the crimson imp's attack. Natasha claws you but does no damage.
The white imp gestures at you. The puff of frost hits you!
You feel a terrible chill!
You die...

#..### #.... #...# #...#
###### #...# #....# #...#
####....#############...#
................@h....>.#
................55....#.#
##.###########...5#####.#
#.# #....# #.# #.# #....#
#.# #.# #....# #.# #)#
####### #.# #.# #....#
#.# #.#
######....######.#


You could see Natasha, a crimson imp (summoned) and 2 white imps.

Vanquished Creatures
  Natasha (D:2)
  A gnoll (D:1)
  2 adders (D:2)
  A worm (D:2)
  2 dart slugs
  4 endoplasms
  2 giant cockroaches
  5 goblins
  2 hobgoblins
  4 ball pythons
  A bat (D:2)
  A frilled lizard (D:1)
  5 kobolds
  2 rats
33 creatures vanquished.

Notes
Turn   | Place    | Note
-------+----------+-------------------------------------------
     0 | D:1      | GenialerGandalf the Hill Orc Fighter began the quest for
                  | the Orb.
     0 | D:1      | Reached XP level 1. HP: 19/19 MP: 1/1
    26 | D:1      | Found a faded altar of an unknown god.
   210 | D:1      | Reached XP level 2. HP: 27/27 MP: 2/2
   563 | D:1      | Reached XP level 3. HP: 32/33 MP: 3/3
   990 | D:2      | Reached XP level 4. HP: 40/40 MP: 4/4
  1333 | D:2      | Noticed Natasha
  1349 | D:2      | Killed Natasha
  1712 | D:2      | Noticed Natasha
  1731 | D:2      | Killed from afar by a white imp

Illustrated notes

Levels and vault maps discovered:
D:1:      lemuel_arrival_behind_the_door_small, layout_rooms,
          chequers_ecumenical_altar_island
D:2:      layout_basic, uniq_natasha, uniq_terence

Skill      XL: |  1  2  3 |
---------------+----------+-----
Fighting       | 4 |  4.7
Armour         | 4 |  4.2
Short Blades   | |  2.4
Shields        | |  3.7

Action                   |  1- 3 |  4- 6 || total
-------------------------+-------+-------++-------
Melee: Rapier            |    70 |    47 ||   117
Armor: Scale mail        |    36 |     3 ||    39
       Chain mail        |       |    18 ||    18
Dodge: Dodged            |    60 |    15 ||    75
Block: Buckler           |    20 |    12 ||    32

Table legend: (Time is in decaauts)
 A = Elapsed time spent in this place.
 B = Non-inter-level travel time spent in this place.
 C = Inter-level travel time spent in this place.
 D = Time resting spent in this place.
 E = Time spent auto-exploring this place.
 F = Levels seen in this place.
 G = Mean time per level.
                   A        B        C        D        E       F      G
               +--------+--------+--------+--------+--------+-----+--------+
         Total |   1750 |   1750 |      0 |    224 |    213 |   2 |  875.0 |
       Dungeon |   1750 |   1750 |      0 |    224 |    213 |   2 |  875.0 |
               +--------+--------+--------+--------+--------+-----+--------+

Top non-repeatable levels by time:
     D:2: 1015 daAuts
     D:1: 734 daAuts
